[Event "2026 European Womens Championship"]
[Site "Batumi, GE"]
[Date "2026.06.01"]
[Round "7"]
[White "Chighvaria, Ana"]
[Black "Khairova, Evelina"]
[Result "0-1"]
[Board "127"]
[TimeControl "5400+30"]
[WhiteFideId "13628666"]
[BlackFideId "2845768"]
[WhiteElo "1518"]
[BlackElo "1880"]
[WhiteClock "0:33:03"]
[BlackClock "0:04:19"]
[Variant "Standard"]

1. d4 Nf6 2. Nf3 e6 3. e3 d5 4. Bd3 b6 5. Nbd2 Bb7 6. O-O Nbd7 7. b3 Bd6 8. Bb2 O-O 9. Ne5 Ne4 10. f4 f5 11. Rf3 Nxe5 12. fxe5 Bb4 13. Bxe4 fxe4 14. Rh3 Bxd2 15. Qxd2 Ba6 16. Rg3 Rf5 17. h3 Qf8 18. Qc3 c5 19. dxc5 Rc8 20. Qd4 Qxc5 21. Qa4 Qb5 22. Qa3 Rf7 23. Qd6 Qc6 24. Qa3 Be2 25. Rc1 Qc5 26. Qxc5 Rxc5 27. Bd4 Rc8 28. c3 Rcf8 29. Rc2 Rf1+ 30. Kh2 R8f2 31. h4 h5 32. a4 Bg4 33. Rxf2 Rxf2 34. a5 bxa5 35. Bxa7 Rb2 36. Bc5 Rxb3 37. Bd6 a4 38. Bb4 Rxb4 39. cxb4 a3 0-1

[Event "2026 European Womens Championship"]
[Site "Batumi, GE"]
[Date "2026.06.01"]
[Round "7"]
[White "Casadevall Mainau, Iraida"]
[Black "Chanturia, Lika"]
[Result "0-1"]
[Board "130"]
[TimeControl "5400+30"]
[WhiteFideId "54543142"]
[BlackFideId "13618857"]
[WhiteElo "1729"]
[BlackElo "1649"]
[WhiteClock "0:00:56"]
[BlackClock "1:30:30"]
[Variant "Standard"]

1. e4 c6 2. d4 d5 3. exd5 cxd5 4. Bd3 Nc6 5. c3 Qc7 6. Na3 a6 7. Nc2 Nf6 8. h3 g6 9. Nf3 Bg7 10. O-O O-O 11. Re1 b5 12. Bg5 Re8 13. a4 Rb8 14. Qd2 Qb6 15. Bf4 Rb7 16. Ne5 Nxe5 17. dxe5 Nd7 18. axb5 axb5 19. Nb4 Nc5 20. Bc2 e6 21. Bh6 Rd7 22. Bxg7 Kxg7 23. Qd4 Qc7 24. h4 Bb7 25. h5 Ne4 26. f3 Ng3 27. hxg6 fxg6 28. Kh2 Nf5 29. Bxf5 gxf5 30. Qh4 d4 31. Qf6+ Kg8 32. Qg5+ Rg7 33. Qd2 dxc3 34. Qxc3 Qe7 35. Qd4 Qg5 36. Re2 Bxf3 37. Qd7 Rxd7 0-1

[Event "2026 European Womens Championship"]
[Site "Batumi, GE"]
[Date "2026.06.02"]
[Round "8"]
[White "Vega Gutierrez, Sabrina"]
[Black "Arabidze, Meri"]
[Result "1-0"]
[Board "1"]
[TimeControl "5400+30"]
[WhiteFideId "2219026"]
[BlackFideId "13604040"]
[WhiteElo "2375"]
[BlackElo "2409"]
[WhiteTitle "IM"]
[BlackTitle "IM"]
[WhiteClock "0:04:09"]
[BlackClock "0:02:05"]
[Variant "Standard"]

1. e4 c5 2. Nf3 e6 3. d4 cxd4 4. Nxd4 a6 5. Bd3 Bc5 6. Nb3 Ba7 7. Qg4 Nf6 8. Qg3 d6 9. Nc3 Nc6 10. Bg5 h6 11. Bd2 Nh5 12. Qf3 Nf6 13. O-O-O Ne5 14. Qg3 b5 15. a3 Nxd3+ 16. Qxd3 O-O 17. Be3 Bxe3+ 18. Qxe3 Bb7 19. f3 Qc7 20. Rhg1 Nd7 21. Qd2 d5 22. exd5 Bxd5 23. Nxd5 exd5 24. g3 Rac8 25. Nd4 Ne5 26. Rge1 Rfe8 27. Re2 Nc4 28. Qc3 Qd7 29. Rxe8+ Rxe8 30. b3 Ne5 31. Kb2 Rc8 32. Qe3 Nc6 33. Rd3 Re8 34. Qf4 Nxd4 35. Qxd4 Rd8 36. g4 Qc7 37. h4 Qd6 38. h5 a5 39. Rc3 b4 40. Rc5 Qb6 41. axb4 axb4 42. Rc4 Qe6 43. Rxb4 Rc8 44. Ra4 Qe2 45. Qd3 Qe5+ 46. Ka2 Qe1 47. Kb2 Qe5+ 48. Rd4 Ra8 49. Qc3 Qe6 50. Qc5 Qe1 51. Ra4 Rd8 52. Qc7 Re8 53. Ra7 Qe6 54. Qf4 Rf8 55. Rb7 Qe8 56. Qd6 Qe6 57. Rd7 g5 58. hxg6 Qxg6 59. Qxg6+ fxg6 60. b4 Rxf3 61. b5 Rf6 62. Rxd5 Kf7 63. Kb3 Ke6 64. c4 Rf1 65. Kb4 Rh1 66. b6 h5 67. gxh5 gxh5 68. Rb5 Kd7 69. b7 Rb1+ 70. Kc5 Rxb5+ 71. Kxb5 Kc7 72. Ka6 1-0

[Event "2026 European Womens Championship"]
[Site "Batumi, GE"]
[Date "2026.06.02"]
[Round "8"]
[White "Hnatyshyn, Anastasiia"]
[Black "Badelka, Olga"]
[Result "1/2-1/2"]
[Board "2"]
[TimeControl "5400+30"]
[WhiteFideId "14198339"]
[BlackFideId "13509926"]
[WhiteElo "2207"]
[BlackElo "2392"]
[WhiteTitle "WFM"]
[BlackTitle "IM"]
[WhiteClock "0:07:13"]
[BlackClock "0:03:49"]
[Variant "Standard"]

1. e4 e5 2. Nf3 Nc6 3. d4 exd4 4. Nxd4 Bc5 5. Nb3 Bb6 6. Qe2 d6 7. Nc3 a5 8. a4 Nb4 9. Bf4 Qf6 10. Bg3 Ne7 11. O-O-O O-O 12. Qd2 Be6 13. Nd4 d5 14. Nxe6 fxe6 15. f3 Rad8 16. Qe1 Ng6 17. Kb1 Rd7 18. Na2 Nxa2 19. Kxa2 c6 20. h4 h5 21. e5 Qf7 22. Qd2 Bd8 23. c3 Nf4 24. Bh2 Ng6 25. Bg3 Nf4 26. Bh2 Bb6 27. g3 Ng6 28. f4 Ne7 29. Bd3 Nf5 30. Bg1 Bxg1 31. Rdxg1 d4 32. c4 b6 33. g4 hxg4 34. Rxg4 Ne3 35. Rg6 Qxf4 36. Rxe6 Nd5 37. Qe2 Nb4+ 38. Kb1 Qe3 39. Rd1 Qxe2 40. Bxe2 d3 41. Bh5 Rd4 42. Bg6 Rxh4 43. Rd6 Rg4 44. b3 Rg5 45. Rh1 d2 46. Rd1 Rxe5 47. R1xd2 Re1+ 48. Kb2 Ref1 49. Re6 R1f6 50. Rde2 Rxe6 1/2-1/2

[Event "2026 European Womens Championship"]
[Site "Batumi, GE"]
[Date "2026.06.02"]
[Round "8"]
[White "Ushenina, Anna"]
[Black "Unuk, Laura"]
[Result "1/2-1/2"]
[Board "3"]
[TimeControl "5400+30"]
[WhiteFideId "14110911"]
[BlackFideId "14609215"]
[WhiteElo "2420"]
[BlackElo "2289"]
[WhiteTitle "GM"]
[BlackTitle "IM"]
[WhiteClock "0:01:26"]
[BlackClock "0:00:56"]
[Variant "Standard"]

1. c4 e6 2. Nf3 d5 3. e3 dxc4 4. Bxc4 Nf6 5. O-O a6 6. d4 Be7 7. b3 O-O 8. Bb2 Nbd7 9. Nbd2 c5 10. Be2 b6 11. dxc5 Nxc5 12. Nc4 b5 13. Qxd8 Rxd8 14. Na5 Bf8 15. Rac1 Nfe4 16. Rfd1 Rxd1+ 17. Rxd1 f6 18. Ne1 Nb7 19. Nc6 Ned6 20. f3 Bd7 21. Nd4 Rc8 22. e4 Kf7 23. Ndc2 e5 24. Ne3 a5 25. Nd5 Be6 26. Nc3 b4 27. Nd5 Rc6 28. Ne3 Rc8 29. Nd3 Rc7 30. Bc1 Nc5 31. Bd2 Nxd3 32. Bxd3 Nc8 33. Kf1 Nb6 34. Nc2 Bc5 1/2-1/2

[Event "2026 European Womens Championship"]
[Site "Batumi, GE"]
[Date "2026.06.02"]
[Round "8"]
[White "Roebers, Eline"]
[Black "Zherebtsova, Alexandra"]
[Result "1-0"]
[Board "4"]
[TimeControl "5400+30"]
[WhiteFideId "1058401"]
[BlackFideId "24129518"]
[WhiteElo "2389"]
[BlackElo "2242"]
[WhiteTitle "IM"]
[BlackTitle "FM"]
[WhiteClock "1:12:08"]
[BlackClock "0:26:47"]
[Variant "Standard"]

1. e4 c5 2. Nf3 Nc6 3. Nc3 e5 4. Bc4 Be7 5. d3 Nf6 6. Nd2 d6 7. Nf1 Bg4 8. f3 Be6 9. Ne3 O-O 10. Bd2 Nb4 11. Qe2 d5 12. exd5 Nfxd5 13. Nexd5 Nxd5 14. O-O-O Bf6 15. Qe4 Nxc3 16. Bxc3 Qe7 17. Rhe1 Bxc4 18. dxc4 Rfe8 19. f4 exf4 20. Qf5 Qf8 21. Bxf6 Rxe1 22. Rxe1 gxf6 23. Qxf6 Re8 24. Qg5+ Kh8 25. Rd1 Qg7 26. Qxf4 Qxg2 27. Qxf7 Qg5+ 28. Kb1 Qe7 29. Qf3 Qg7 30. a3 h6 31. Qf5 Qg5 32. Qxg5 hxg5 33. Rd5 b6 34. Rxg5 Re1+ 35. Ka2 Re2 36. Rh5+ Kg7 37. Kb3 Re3+ 38. c3 Re2 39. Rd5 Re7 40. h4 Kg6 41. Ka4 Re2 42. b4 Re4 43. h5+ Kh6 44. Kb5 Re3 45. bxc5 bxc5 46. Rxc5 Rxc3 47. a4 Rb3+ 48. Ka6 1-0

[Event "2026 European Womens Championship"]
[Site "Batumi, GE"]
[Date "2026.06.02"]
[Round "8"]
[White "Socko, Monika"]
[Black "Fataliyeva, Ulviyya"]
[Result "0-1"]
[Board "5"]
[TimeControl "5400+30"]
[WhiteFideId "1106619"]
[BlackFideId "13403052"]
[WhiteElo "2355"]
[BlackElo "2450"]
[WhiteTitle "GM"]
[BlackTitle "IM"]
[WhiteClock "0:03:12"]
[BlackClock "0:07:53"]
[Variant "Standard"]

1. e4 c5 2. Nf3 e6 3. d4 cxd4 4. Nxd4 Nc6 5. Nc3 Nf6 6. Ndb5 Bb4 7. a3 Bxc3+ 8. Nxc3 d5 9. exd5 exd5 10. Bd3 O-O 11. O-O Bg4 12. f3 d4 13. Ne2 Bh5 14. Kh1 Qb6 15. b4 Rad8 16. Bg5 Ne5 17. Ng3 Bg6 18. f4 Bxd3 19. fxe5 Bxf1 20. exf6 Rd5 21. Bh4 Bb5 22. Qg4 g6 23. Qf4 Kh8 24. Re1 Qc6 25. Qh6 Rg8 26. Ne4 Rh5 27. Qf4 Qd5 28. Bg3 Rf5 29. Qc1 Rf1+ 30. Rxf1 Bxf1 31. Qf4 Bxg2+ 32. Kxg2 Re8 33. Kf3 g5 34. Qg4 d3 35. Be1 dxc2 36. Bd2 Qd3+ 37. Kf2 Qxe4 38. Qd7 Qh4+ 39. Kg1 c1=Q+ 40. Bxc1 Re1+ 41. Kg2 Re2+ 42. Kf3 Qe4+ 0-1

[Event "2026 European Womens Championship"]
[Site "Batumi, GE"]
[Date "2026.06.02"]
[Round "8"]
[White "Toncheva, Nadya"]
[Black "Narva, Mai"]
[Result "0-1"]
[Board "6"]
[TimeControl "5400+30"]
[WhiteFideId "2924056"]
[BlackFideId "4500512"]
[WhiteElo "2320"]
[BlackElo "2426"]
[WhiteTitle "WGM"]
[BlackTitle "IM"]
[WhiteClock "0:24:55"]
[BlackClock "0:26:09"]
[Variant "Standard"]

1. e4 c5 2. c3 Nf6 3. e5 Nd5 4. Bc4 Nb6 5. Bb3 d6 6. exd6 Qxd6 7. Nf3 g6 8. O-O Bg7 9. a4 Nc6 10. a5 Nd7 11. Qe2 O-O 12. a6 bxa6 13. Na3 Rb8 14. Nc4 Qc7 15. Ba2 a5 16. d3 Ba6 17. Bg5 h6 18. Bxe7 Rbe8 19. Bd6 Qxd6 20. Qxe8 Bxc4 21. Qe3 Bxa2 22. Rxa2 Qd5 23. Rfa1 Rd8 24. Qe4 Qxe4 25. dxe4 Nb6 26. Kf1 a4 27. Rb1 Na5 28. Ke2 Nb3 29. Rd1 Re8 30. Nd2 c4 31. f3 f5 32. Nf1 fxe4 33. f4 e3 34. h3 Bf8 35. Nh2 a3 36. Ng4 axb2 37. Rxb2 Bg7 38. Rc2 Na4 39. Ne5 Bxe5 40. fxe5 Rxe5 41. Rd8+ Kf7 42. Rd7+ Kf6 43. Rxa7 Nac5 44. Kf3 Nd2+ 45. Ke2 Nd3 46. Ra6+ Kg5 47. g3 Nb3 48. h4+ Kh5 49. Kf1 Nbc1 50. Kg2 e2 51. Rxc1 Nxc1 52. Kh3 Re3 53. Re6 e1=Q 54. Re5+ g5 0-1

[Event "2026 European Womens Championship"]
[Site "Batumi, GE"]
[Date "2026.06.02"]
[Round "8"]
[White "Kazarian, Anna-Maja"]
[Black "Khotenashvili, Bella"]
[Result "1/2-1/2"]
[Board "7"]
[TimeControl "5400+30"]
[WhiteFideId "1033689"]
[BlackFideId "13602640"]
[WhiteElo "2317"]
[BlackElo "2415"]
[WhiteTitle "FM"]
[BlackTitle "GM"]
[WhiteClock "0:01:10"]
[BlackClock "0:01:45"]
[Variant "Standard"]

1. e4 e5 2. Nf3 Nc6 3. Nc3 Nf6 4. d4 exd4 5. Nxd4 Bb4 6. Nxc6 bxc6 7. Bd3 O-O 8. O-O Re8 9. Re1 d6 10. Bg5 Rb8 11. Qd2 Qe7 12. a3 Bxc3 13. Qxc3 Bd7 14. f4 h6 15. Bh4 Nd5 16. exd5 Qxh4 17. dxc6 Rxe1+ 18. Rxe1 Be6 19. g3 Qh5 20. Qd4 Qa5 21. b4 Qxa3 22. f5 Ba2 23. b5 Qa5 24. Re7 Kf8 25. f6 Be6 26. Qf4 Qe1+ 27. Bf1 Rc8 28. Rxc7 Rxc7 29. Qxd6+ Kg8 30. Qxc7 Qe3+ 31. Kg2 Bd5+ 32. Kh3 Be6+ 33. Kg2 Bd5+ 34. Kh3 Be6+ 35. Kg2 1/2-1/2

[Event "2026 European Womens Championship"]
[Site "Batumi, GE"]
[Date "2026.06.02"]
[Round "8"]
[White "Salimova, Nurgyul"]
[Black "Milliet, Sophie"]
[Result "1-0"]
[Board "8"]
[TimeControl "5400+30"]
[WhiteFideId "2915138"]
[BlackFideId "623725"]
[WhiteElo "2404"]
[BlackElo "2361"]
[WhiteTitle "IM"]
[BlackTitle "IM"]
[WhiteClock "0:02:32"]
[BlackClock "0:01:04"]
[Variant "Standard"]

1. d4 Nf6 2. c4 e6 3. g3 d5 4. Bg2 Be7 5. Nc3 O-O 6. Nf3 c6 7. Qd3 b6 8. O-O a5 9. b3 Ba6 10. Rd1 b5 11. Qc2 Nbd7 12. c5 b4 13. Na4 Bb5 14. a3 Ne4 15. Ne1 f5 16. f3 Ng5 17. Nd3 Bf6 18. Bb2 Qb8 19. Qd2 Ra7 20. Nf2 Be7 21. Nd3 e5 22. dxe5 Ne6 23. axb4 axb4 24. Qc2 Bxa4 25. bxa4 Ndxc5 26. Nxc5 Bxc5+ 27. Kh1 Qb6 28. e4 fxe4 29. fxe4 Rf2 30. Qb3 Nd4 31. Bxd4 Bxd4 32. a5 Qc5 33. Rac1 Bc3 34. exd5 Raf7 35. dxc6 g6 36. e6 Re7 37. a6 Re2 38. Qd5 Qa7 39. Qd8+ Kg7 40. Rd7 1-0

[Event "2026 European Womens Championship"]
[Site "Batumi, GE"]
[Date "2026.06.02"]
[Round "8"]
[White "Kobak, Polina"]
[Black "Kiolbasa, Oliwia"]
[Result "0-1"]
[Board "9"]
[TimeControl "5400+30"]
[WhiteFideId "24269727"]
[BlackFideId "1154613"]
[WhiteElo "1986"]
[BlackElo "2397"]
[WhiteTitle "WFM"]
[BlackTitle "IM"]
[WhiteClock "0:00:32"]
[BlackClock "0:01:18"]
[Variant "Standard"]

1. d4 Nf6 2. c4 e6 3. Nf3 d5 4. Nc3 Bb4 5. Qa4+ Nc6 6. e3 O-O 7. Bd2 Qe8 8. Qc2 dxc4 9. Bxc4 e5 10. dxe5 Nxe5 11. Be2 Nxf3+ 12. Bxf3 Qe5 13. O-O-O Bf5 14. e4 Bg6 15. g3 Rfe8 16. Rhe1 a5 17. a3 Ra6 18. Be2 Rc6 19. f3 Rb8 20. Qb3 Nxe4 21. axb4 a4 22. Qa3 Nf2 23. g4 Qd4 24. Bg5 Nxd1 25. Rxd1 Qe5 26. Bd3 Qxg5+ 27. Kb1 Bxd3+ 28. Rxd3 b5 29. Qa2 Rc4 30. Kc2 Qg6 0-1

[Event "2026 European Womens Championship"]
[Site "Batumi, GE"]
[Date "2026.06.02"]
[Round "8"]
[White "Kulon, Klaudia"]
[Black "Rakhmangulova, Anastasiya"]
[Result "1-0"]
[Board "10"]
[TimeControl "5400+30"]
[WhiteFideId "1131044"]
[BlackFideId "14117479"]
[WhiteElo "2377"]
[BlackElo "2328"]
[WhiteTitle "IM"]
[BlackTitle "WGM"]
[WhiteClock "0:13:23"]
[BlackClock "0:02:33"]
[Variant "Standard"]

1. d4 Nf6 2. c4 g6 3. Nc3 Bg7 4. e4 d6 5. Be2 O-O 6. h4 c5 7. d5 b5 8. cxb5 a6 9. a4 axb5 10. Bxb5 e6 11. dxe6 Bxe6 12. Nf3 d5 13. e5 Ng4 14. Bg5 f6 15. exf6 Bxf6 16. O-O Ra7 17. Bxf6 Nxf6 18. Ng5 Bg4 19. f3 Bc8 20. Qe2 Re7 21. Qf2 d4 22. Rad1 h6 23. Qg3 hxg5 24. hxg5 Nfd7 25. Bc4+ Kg7 26. Nd5 Nb6 27. Nxe7 Nxc4 28. Rfe1 Qd6 29. Qh4 Rh8 30. Nxc8 Rxc8 31. Qh6+ Kg8 32. Qh3 Qd7 33. Re6 Rc6 34. Rxc6 Qxc6 35. Re1 Ne3 36. Kf2 Nd7 37. Rh1 Nf8 38. Qh8+ Kf7 39. a5 Qe6 40. Qf6+ Qxf6 41. gxf6 Kxf6 42. a6 Nd5 43. a7 Nc7 44. Ke2 Na8 45. Kd3 Nd7 46. Rh8 Ndb6 47. Ke4 Kg5 48. g3 Kf6 49. f4 g5 50. f5 g4 51. Rh6+ Kf7 52. Rc6 Nd7 53. Rc8 Nf6+ 54. Kd3 Nb6 55. Rxc5 1-0

[Event "2026 European Womens Championship"]
[Site "Batumi, GE"]
[Date "2026.06.02"]
[Round "8"]
[White "Wagner, Dinara"]
[Black "Schneider, Jana"]
[Result "1-0"]
[Board "11"]
[TimeControl "5400+30"]
[WhiteFideId "24157570"]
[BlackFideId "12924997"]
[WhiteElo "2408"]
[BlackElo "2283"]
[WhiteTitle "IM"]
[BlackTitle "WGM"]
[WhiteClock "0:03:28"]
[BlackClock "0:00:40"]
[Variant "Standard"]

1. d4 d5 2. c4 e6 3. Nf3 Nf6 4. Nc3 a6 5. cxd5 exd5 6. Bg5 Be6 7. e3 Nbd7 8. Bd3 Bd6 9. O-O c6 10. Bh4 h6 11. Kh1 Qc7 12. Rc1 O-O 13. Nd2 g5 14. Bg3 Bxg3 15. fxg3 Kg7 16. Bb1 Rae8 17. Qc2 Rh8 18. Rce1 Bg4 19. e4 Qb6 20. e5 Ng8 21. Nb3 Bh5 22. Qd2 Qd8 23. Rf2 Ne7 24. Nd1 Bg6 25. Ne3 Bxb1 26. Rxb1 Rhf8 27. Rbf1 b6 28. Qe2 f6 29. e6 Nb8 30. Qh5 Ng8 31. Nf5+ Kh7 32. e7 Rxe7 33. Nxe7 Qxe7 34. Re2 Qf7 35. Qxf7+ Rxf7 36. Re8 Rb7 37. g4 a5 38. Rfe1 a4 39. Nd2 Kg7 40. Rc8 Na6 41. Rxc6 Nb4 42. Rc3 Nxa2 43. Ra3 Nb4 44. Rxa4 Nd3 45. Rea1 Nxb2 46. Ra7 Rxa7 47. Rxa7+ Kg6 48. Rb7 Na4 49. Nf3 h5 50. gxh5+ Kxh5 51. h3 Kg6 52. g4 Nh6 53. Kg2 Nf7 54. h4 gxh4 55. Nxh4+ Kg5 56. Rxf7 Kxh4 57. Kf3 Kg5 58. Rg7+ Kh6 59. Rd7 Nc3 60. Rd6 Kg5 61. Rxb6 Ne4 62. Rb5 Nd2+ 63. Ke3 Nc4+ 64. Kd3 Kf4 65. Rxd5 Ne3 66. Rd6 Nxg4 67. Re6 Nf2+ 68. Kc4 f5 69. d5 Ne4 70. d6 Nd2+ 71. Kd5 1-0

[Event "2026 European Womens Championship"]
[Site "Batumi, GE"]
[Date "2026.06.02"]
[Round "8"]
[White "Iglesias, Yosha"]
[Black "Buksa, Nataliya"]
[Result "1/2-1/2"]
[Board "12"]
[TimeControl "5400+30"]
[WhiteFideId "637823"]
[BlackFideId "14123622"]
[WhiteElo "2325"]
[BlackElo "2392"]
[WhiteTitle "FM"]
[BlackTitle "IM"]
[WhiteClock "0:02:28"]
[BlackClock "0:00:59"]
[Variant "Standard"]

1. d4 d5 2. Bf4 Nf6 3. e3 c5 4. c3 Nc6 5. Nd2 Bg4 6. Qb3 Qc8 7. h3 c4 8. Qa4 b5 9. Qxb5 Bd7 10. Qa4 Nxd4 11. Qd1 Ne6 12. Be5 Nc5 13. b4 cxb3 14. axb3 e6 15. b4 Nce4 16. Ba6 Qc6 17. Ne2 Bd6 18. Nf3 O-O 19. O-O Qb6 20. Ra5 Rfd8 21. Qd4 Bxe5 22. Nxe5 Nd6 23. Rfa1 Nf5 24. Qd3 Qc7 25. Nxd7 Qxd7 26. Bb5 Qc7 27. Nd4 Ne7 28. Ra6 Rd6 29. Rxd6 Qxd6 30. Ra6 Qc7 31. Bc6 Nxc6 32. Nxc6 h5 33. b5 Qb7 34. c4 Nd7 35. Qd4 Nb8 36. Nxb8 Qxb8 37. Ra1 dxc4 38. Qxc4 Qb7 39. Qc5 g6 40. Ra6 Rb8 41. Rxa7 1/2-1/2

[Event "2026 European Womens Championship"]
[Site "Batumi, GE"]
[Date "2026.06.02"]
[Round "8"]
[White "Danielian, Elina"]
[Black "Avramidou, Anastasia"]
[Result "1-0"]
[Board "13"]
[TimeControl "5400+30"]
[WhiteFideId "13300210"]
[BlackFideId "4239873"]
[WhiteElo "2390"]
[BlackElo "2320"]
[WhiteTitle "GM"]
[BlackTitle "FM"]
[WhiteClock "0:52:23"]
[BlackClock "0:28:22"]
[Variant "Standard"]

1. d4 Nf6 2. Nf3 g6 3. Bg5 Bg7 4. Nbd2 d5 5. e3 O-O 6. c3 Nbd7 7. b4 Re8 8. Be2 e5 9. Nb3 h6 10. Bh4 Qe7 11. a3 c6 12. O-O g5 13. Bg3 Ne4 14. Qc2 Nxg3 15. hxg3 e4 16. Nfd2 Nf6 17. c4 Bg4 18. Bxg4 Nxg4 19. cxd5 cxd5 20. Rfc1 h5 21. Nf1 Rad8 22. Qe2 Rd6 23. Ra2 Red8 24. Rac2 b6 25. Rc6 R8d7 26. R1c2 Bf8 27. b5 Qe6 28. a4 f5 29. Nc1 h4 30. gxh4 gxh4 31. f3 Nf6 32. Qf2 Rh7 33. Ne2 exf3 34. Nf4 Qe8 35. Qxf3 Rhd7 36. Rc8 Rd8 37. Rxd8 Rxd8 38. Rc6 Ne4 39. Rg6+ Bg7 40. Qh5 Nf6 41. Qg5 Qf7 42. Rxg7+ 1-0

[Event "2026 European Womens Championship"]
[Site "Batumi, GE"]
[Date "2026.06.02"]
[Round "8"]
[White "Sieber, Fiona"]
[Black "Efroimski, Marsel"]
[Result "1/2-1/2"]
[Board "14"]
[TimeControl "5400+30"]
[WhiteFideId "12902373"]
[BlackFideId "2810964"]
[WhiteElo "2224"]
[BlackElo "2386"]
[WhiteTitle "WGM"]
[BlackTitle "IM"]
[WhiteClock "0:12:25"]
[BlackClock "0:12:04"]
[Variant "Standard"]

1. e4 e6 2. d4 d5 3. e5 c5 4. c3 Nc6 5. Nf3 Bd7 6. Be2 Nge7 7. Na3 cxd4 8. cxd4 Nf5 9. O-O Be7 10. Nc2 O-O 11. Bd3 f6 12. Bxf5 exf5 13. Re1 Rc8 14. Bf4 g5 15. exf6 Bxf6 16. Bd6 Re8 17. Ne5 Be6 18. Nxc6 Rxc6 19. Be5 Be7 20. Ne3 Qd7 21. h3 f4 22. Ng4 Bxg4 23. hxg4 Bb4 24. Rf1 Rh6 25. Rc1 Ba5 26. Qf3 Bb6 27. Rfe1 Rhe6 28. Red1 Rh6 29. a4 Rh4 30. a5 Bxa5 31. Rc5 Bb6 32. Rxd5 Qxg4 33. Qxg4 Rxg4 34. f3 Rh4 35. Bf6 h6 36. Rd7 Re6 37. Be7 Rh5 38. Rxb7 g4 39. Bc5 gxf3 40. Bxb6 fxg2 41. Kxg2 axb6 42. Rc1 Rf5 43. Kf3 Re3+ 44. Kg4 Rf8 45. Rxb6 f3 46. Rc7 f2 47. Rg6+ Kh8 48. Rxh6+ Kg8 49. Rg6+ Kh8 50. Rh6+ 1/2-1/2

[Event "2026 European Womens Championship"]
[Site "Batumi, GE"]
[Date "2026.06.02"]
[Round "8"]
[White "Jarocka, Liwia"]
[Black "Klek, Hanna Marie"]
[Result "1/2-1/2"]
[Board "15"]
[TimeControl "5400+30"]
[WhiteFideId "21807558"]
[BlackFideId "24670057"]
[WhiteElo "2288"]
[BlackElo "2369"]
[WhiteTitle "FM"]
[BlackTitle "WGM"]
[WhiteClock "0:24:09"]
[BlackClock "0:20:45"]
[Variant "Standard"]

1. e4 e5 2. Nf3 Nc6 3. Nc3 Nf6 4. Bb5 Bc5 5. O-O d6 6. d4 exd4 7. Nxd4 Bd7 8. Nb3 Bb6 9. Bg5 h6 10. Bh4 g5 11. Bg3 Ne5 12. Bxd7+ Qxd7 13. a4 a6 14. Kh1 O-O-O 15. Qe2 Qe6 16. Rae1 Ng6 17. f4 gxf4 18. Bxf4 d5 19. Bg3 d4 20. e5 Ng4 21. Ne4 Ne3 22. Rf6 Qd5 23. Rxb6 Qxe4 24. Rb4 Qxc2 25. Qf3 Qc6 26. Qxc6 bxc6 27. Rxd4 Nc2 28. Rxd8+ Rxd8 29. Rc1 Rd5 30. Kg1 Nb4 31. Rc4 Nd3 32. Rxc6 Kb7 33. Rf6 Ndxe5 34. h3 h5 35. Bf2 Rd1+ 36. Kh2 Rf1 37. Nc5+ Kb8 38. Nxa6+ Kc8 39. Bh4 Ra1 40. Bg3 Rxa4 41. Nc5 Rc4 42. b4 h4 43. Bxe5 Nxe5 44. Rf5 Nd7 45. Rxf7 Nxc5 46. bxc5 Rxc5 47. Rf4 Rh5 48. g3 hxg3+ 49. Kxg3 Kd7 50. h4 Ke6 51. Kg4 Rh7 52. h5 Rg7+ 53. Kh4 Rf7 54. Ra4 Kf6 55. Rc4 Kg7 56. Rc6 1/2-1/2

[Event "2026 European Womens Championship"]
[Site "Batumi, GE"]
[Date "2026.06.02"]
[Round "8"]
[White "Beydullayeva, Govhar"]
[Black "Zimina, Olga"]
[Result "1/2-1/2"]
[Board "16"]
[TimeControl "5400+30"]
[WhiteFideId "13413015"]
[BlackFideId "4132190"]
[WhiteElo "2368"]
[BlackElo "2290"]
[WhiteTitle "WGM"]
[BlackTitle "IM"]
[WhiteClock "0:02:10"]
[BlackClock "0:05:35"]
[Variant "Standard"]

1. d4 d5 2. Nf3 Nf6 3. Bf4 c5 4. e3 Nc6 5. Nbd2 Bg4 6. c3 e6 7. h3 Bh5 8. Qb3 Qc8 9. g4 Bg6 10. Nh4 cxd4 11. exd4 Qd7 12. Be5 Ne4 13. Nxg6 Nxd2 14. Nxf8 Nxb3 15. Nxd7 Nxa1 16. Bxg7 Kxd7 17. Bxh8 Rxh8 18. Kd2 h5 19. g5 f6 20. f4 fxg5 21. fxg5 h4 22. Bd3 Rg8 23. g6 e5 24. Bf5+ Kd6 25. dxe5+ Nxe5 26. Rxa1 Rf8 27. g7 Rg8 28. Rf1 Rxg7 29. Ke2 Nc4 30. b3 Re7+ 31. Kd3 Ne3 32. Rf3 Nxf5 33. Rxf5 Rg7 34. Ke3 Rg2 35. Rf2 Rg3+ 36. Rf3 Rg2 37. Rf2 Rg3+ 38. Rf3 Ke5 1/2-1/2

[Event "2026 European Womens Championship"]
[Site "Batumi, GE"]
[Date "2026.06.02"]
[Round "8"]
[White "Radeva, Viktoria"]
[Black "Mkrtchian, Lilit"]
[Result "1/2-1/2"]
[Board "17"]
[TimeControl "5400+30"]
[WhiteFideId "2915405"]
[BlackFideId "13300601"]
[WhiteElo "2242"]
[BlackElo "2366"]
[WhiteTitle "WGM"]
[BlackTitle "IM"]
[WhiteClock "0:01:38"]
[BlackClock "0:02:15"]
[Variant "Standard"]

1. e4 d6 2. d4 Nf6 3. Nc3 e5 4. Nf3 Nbd7 5. Bc4 Be7 6. O-O O-O 7. a4 exd4 8. Qxd4 Nc5 9. h3 Be6 10. Re1 c6 11. Be3 Nfd7 12. Bf1 f5 13. exf5 Bxf5 14. Qd1 a5 15. Nd4 Bg6 16. Qd2 d5 17. Bf4 Nf6 18. Bd3 Bxd3 19. cxd3 Qd7 20. Be5 Rae8 21. Rad1 Bd6 22. Bxd6 Qxd6 23. Nce2 Nxa4 24. b3 Nc5 25. Qxa5 Nfd7 26. Qc3 Qf6 27. Rf1 Ne6 28. Nxe6 Qxc3 29. Nxc3 Rxe6 30. d4 Ra8 31. Ra1 1/2-1/2

[Event "2026 European Womens Championship"]
[Site "Batumi, GE"]
[Date "2026.06.02"]
[Round "8"]
[White "Mkrtchyan, Mariam"]
[Black "Krasteva, Beloslava"]
[Result "1-0"]
[Board "18"]
[TimeControl "5400+30"]
[WhiteFideId "13310828"]
[BlackFideId "2922029"]
[WhiteElo "2365"]
[BlackElo "2285"]
[WhiteTitle "WGM"]
[BlackTitle "WGM"]
[WhiteClock "0:09:49"]
[BlackClock "0:02:33"]
[Variant "Standard"]

1. e4 d6 2. d4 Nf6 3. Nc3 e5 4. h3 Be7 5. dxe5 dxe5 6. Qxd8+ Bxd8 7. Nf3 Nbd7 8. a4 a5 9. Be3 c6 10. Bc4 O-O 11. g4 Be7 12. g5 Nh5 13. O-O-O Re8 14. Rd2 b6 15. Rhd1 Ra7 16. Nb5 Rb7 17. Nd6 Bxd6 18. Rxd6 Rc7 19. Bf1 Kf8 20. Nd2 Nc5 21. Nc4 Nxe4 22. Bxb6 Rb7 23. Rd8 Be6 24. Bxa5 Ra7 25. Bb4+ c5 26. Ba3 Rxd8 27. Rxd8+ Ke7 28. Rb8 Rxa4 29. Rb7+ Kd8 30. Nxe5 Kc8 31. Rb6 Nf4 32. f3 Nxg5 33. h4 Ngh3 34. Ba6+ Kc7 35. Bxc5 Bd5 36. b4 Ne6 37. c4 Nxc5 38. bxc5 Ba8 39. Kb2 f6 40. Nd3 Bxf3 41. Bb5 Ra8 42. Re6 g5 43. Rxf6 Be4 44. Rf7+ Kd8 45. c6 Rc8 46. Rd7+ Ke8 47. c7 Bf5 48. Rd5+ Ke7 49. Rxf5 g4 50. Nf4 1-0